 Dungeon Crawl Stone Soup version 0.29.1-2-gbd0b4ee654 (webtiles) character file.

Game seed: 5789133945996236563

122 styxcanada the Sneak (level 4, -8/23 HPs)
             Began as a Spriggan Brigand on Oct 30, 2022.
             Splashed by a jelly's acid (9 damage)
             ... on level 3 of the Dungeon.
             The game lasted 00:12:42 (3407 turns).

styxcanada the Sneak (Spriggan Brigand)             Turns: 3407, Time: 00:12:45

Health: -8/23      AC:  3    Str:  7    XL:     4   Next: 78%
Magic:  6/6        EV: 17    Int: 12    God:
Gold:   133        SH:  0    Dex: 18    Spells: 4/4 levels left

rFire   . . .      SeeInvis +   a - +2 dagger
rCold   . . .      Faith    .   (no shield)
rNeg    . . .      Spirit   .   b - +0 robe
rPois   .          Reflect  .   (helmet restricted)
rElec   .          Harm     .   c - +0 cloak
rCorr   .          Rampage  .   (gloves unavailable)
Will    .....                   (boots unavailable)
Stlth   ++++......              (no amulet)
HPRegen 0.07/turn               (no ring)
MPRegen 0.10/turn               (no ring)

@: very quick
A: very small, no large weapons, unfitting armour, see invisible, speed 3
a: no special abilities


You were on level 3 of the Dungeon.
You visited 1 branch of the dungeon, and saw 3 of its levels.

You collected 133 gold pieces.

Inventory:

Hand Weapons
 a - a +2 dagger (weapon)
Missiles
 d - 11 poisoned darts (quivered)
 e - 3 curare-tipped darts
 i - 30 stones
Armour
 b - a +0 robe (worn)
 c - a +0 cloak (worn)
Scrolls
 f - a scroll of identify
 j - 2 scrolls of magic mapping
 l - a scroll of blinking {unknown}
 m - a scroll of torment {unknown}
 o - 3 scrolls of poison {unknown}
 p - a scroll of silence {unknown}
 q - a scroll of amnesia {unknown}
 r - a scroll of teleportation {unknown}
Potions
 g - a potion of haste
 h - a potion of curing
 k - a potion of magic {unknown}
 n - 2 potions of heal wounds {unknown}


   Skills:
 * Level 2.2 Fighting
 + Level 2.8 Short Blades
 + Level 2.4 Throwing
 * Level 2.4 Dodging
 * Level 7.5 Stealth
 * Level 0.8 Spellcasting


You had 4 spell levels left.
You didn't know any spells.
Your spell library contained the following spells:

 Spells                   Type           Power      Damage    Failure   Level
 Ignite Poison            Fire/Tmut/Pois 0%         N/A       67%         3
 Mephitic Cloud           Conj/Pois/Air  0%         N/A       67%         3
 Freezing Cloud           Conj/Ice/Air   0%         6-21      100%        5


Dungeon Overview and Level Annotations

Branches:
Dungeon (3/15)

Altars:

Shops:
D:3 :


Innate Abilities, Weirdness & Mutations

You are very small and have problems with some larger weapons.
You are too small for most types of armour.
You have supernaturally acute eyesight. (SInv)
You cover ground extremely quickly. (Speed+++)


Message History

The kobold is heavily wounded.
The kobold hits you with a +0 dagger.
You hit the kobold but do no damage.
The kobold is heavily wounded.
The kobold misses you.
You closely miss the kobold.
The kobold is heavily wounded.
You hit the kobold.
You kill the kobold!
i - 30 stones (gained 1)
You now have 133 gold pieces (gained 31).
You see here a +0 dagger.
You start resting.
HP restored.
The jelly quivers.
You hit the jelly.
Your hands burn!
The jelly is lightly wounded.
The jelly hits you but does no damage.
You hit the jelly.
Your hands burn!
The jelly is moderately wounded.
The jelly completely misses you.
You hit the jelly.
Your hands burn!
The jelly is moderately wounded.
The jelly closely misses you.
You hit the jelly.
Your hands burn!
The jelly is heavily wounded.
The jelly hits you.
You are splashed with acid!
You barely miss the jelly.
The jelly is heavily wounded.
You hit the jelly.
Your hands burn!
* * * LOW HITPOINT WARNING * * *
The jelly is severely wounded.
The jelly hits you but does no damage.
You hit the jelly.
Your hands burn!
* * * LOW HITPOINT WARNING * * *
The jelly is almost dead.
The jelly hits you.
* * * LOW HITPOINT WARNING * * *
You are splashed with acid!
You die...

###.#### #..... ##...#
#..... ##..### #####.
#..## ########. #.##
#........ ###.##
#####.######.
#....#####.)...# #.
#....#.[...######## #.
#....@J...#######..##.
#..............##.....
#..............###....
#..............#####..
#................<....
####..................
#...........###....
#.........K.# #.#..
##..........###.#..


You could see a jelly.

Vanquished Creatures
  2 adders (D:3)
  4 worms
  3 dart slugs
  3 ball pythons
  15 endoplasms
  4 giant cockroaches (D:1)
  6 goblins
  8 hobgoblins
  6 jackals
  2 quokkas
  8 bats
  A frilled lizard (D:2)
  8 kobolds
  5 rats
75 creatures vanquished.

Notes
Turn   | Place    | Note
-------+----------+-------------------------------------------
     0 | D:1      | styxcanada the Spriggan Brigand began the quest for the
                  | Orb.
     0 | D:1      | Reached XP level 1. HP: 10/10 MP: 2/2
     1 | D:1      | Found a runed translucent door.
    89 | D:1      | Reached skill level 6 in Stealth
   387 | D:1      | Reached XP level 2. HP: 10/15 MP: 3/3
  1224 | D:1      | Reached XP level 3. HP: 18/18 MP: 4/4
  1285 | D:1      | Reached skill level 7 in Stealth
  2364 | D:2      | Reached XP level 4. HP: 19/23 MP: 5/5
  3125 | D:3      | Found Xahi's Vocational Training.
  3407 | D:3      | HP: 1/23 [jelly (1)]
  3407 | D:3      | Splashed by a jelly's acid

Illustrated notes

Levels and vault maps discovered:
D:1:      dpeg_arrival_caged_fury, layout_loops_corners
D:2:      layout_rooms
D:3:      layout_rooms, nicolae_shop_vocational

Skill      XL: |  1  2  3 |
---------------+----------+-----
Stealth        | 6 7 |  7.5
Fighting       | 2 |  2.2
Dodging        | 2 |  2.4
Short Blades   | |  2.8
Throwing       | |  2.4
Spellcasting   | |  0.8

Action                   |  1- 3 |  4- 6 || total
-------------------------+-------+-------++-------
Melee: Dagger            |   136 |    96 ||   232
       Punch             |     1 |     1 ||     2
Throw: Dart              |    25 |    11 ||    36
  Use: Scroll            |     4 |       ||     4
 Stab: Sleeping          |    11 |     5 ||    16
Armor: Robe              |    17 |    17 ||    34
Dodge: Dodged            |    98 |    74 ||   172
